 Dungeon Crawl Stone Soup version 0.13.1-17-g0f9d4ff (webtiles) character file.

775 Lilouch the Poker (level 7, -5/53 HPs)
             Began as a Mummy Fighter on Dec 16, 2013.
             Slain by Duvessa
             ... wielding a +3,+1 elven short sword of holy wrath
              (12 damage)
             ... on Level 5 of the Dungeon.
             The game lasted 00:08:13 (4395 turns).

Lilouch the Poker (Mummy Fighter)                   Turns: 4395, Time: 00:08:13

HP  -5/53        AC  7     Str 21      XL: 7   Next: 16%
MP  15/15        EV  6     Int  7      God:
Gold 185         SH 19     Dex 11      Spells:  0 memorised,  6 levels left

Res.Fire  : x . .   See Invis. : .   r - +1 spear (slay drac)
Res.Cold  : + . .   Warding    : .   b - +0 scale mail
Life Prot.: + + +   Conserve   : .   c - +0 shield
Res.Poison: +       Res.Corr.  : .   (no helmet)
Res.Elec. : .       Clarity    : .   (no cloak)
Sust.Abil.: . .     Spirit.Shd : .   (no gloves)
Res.Mut.  : .       Stasis     : .   (no boots)
Res.Rott. : +       Flight     : .   (no amulet)
Saprovore : . . .                    (no ring)
                                     i - ring of magical power

@: somewhat resistant to hostile enchantments, extremely unstealthy
A: no food or potions, fire vulnerability, restore body, cold resistance 1, life
protection 3, poison resistance, torment resistance, unbreathing
a: no special abilities


You were on level 5 of the Dungeon.
You were not hungry.

You visited 1 branch of the dungeon, and saw 5 of its levels.

You collected 165 gold pieces.

Inventory:

Hand weapons
 a - a +0,+0 trident
 g - a +1,+0 elven spear (quivered)
 p - a +0,+2 spear of dragon slaying
 q - a +2,+0 spear
 r - a +1,+1 spear of dragon slaying (weapon)
Missiles
 m - 11 poisoned needles
Armour
 b - a +0 scale mail (worn)
 c - a +0 shield (worn)
Magical devices
 o - a wand of magic darts (0)
 s - a wand of fireball (3)
 t - a wand of frost (9)
 u - a wand of slowing (9) {unknown}
Scrolls
 d - 5 scrolls of identify {unknown}
 e - a scroll of fog {unknown}
 f - 3 scrolls of magic mapping {unknown}
 h - a scroll of remove curse {unknown}
 j - 2 scrolls of teleportation {unknown}
 k - a scroll of curse weapon {unknown}
 l - a scroll of enchant armour {unknown}
 n - a scroll of blinking {unknown}
Jewellery
 i - a ring of magical power (left hand)


   Skills:
 - Level 3.0 Fighting
 * Level 4.8 Polearms
 + Level 4.0 Armour
 + Level 3.9 Shields


You had 6 spell levels left.
You didn't know any spells.

Dungeon Overview and Level Annotations

Branches:
Dungeon (5/27)
 Temple: D:4-7

Altars:
Elyvilon

Annotations:
D:2 Sigmund
D:5 Dowan, Duvessa


Innate Abilities, Weirdness & Mutations

You do not eat or drink.
Your flesh is vulnerable to fire.
Your flesh is cold resistant.
You are immune to negative energy.
Your system is resistant to poisons.
You are immune to unholy pain and torment.
You can survive without breathing.


Message History

Duvessa is severely wounded.
Duvessa barely misses you.
You hit Duvessa.
Duvessa is severely wounded.
Duvessa hits you but does no damage.
You hit Duvessa.
Duvessa is almost dead.
Duvessa hits you with an elven short sword of holy wrath!
You convulse!
* * * LOW HITPOINT WARNING * * *
You hit Duvessa.
Duvessa is almost dead.
Duvessa hits you with an elven short sword of holy wrath.
* * * LOW HITPOINT WARNING * * *
You convulse.
* * * LOW HITPOINT WARNING * * *
You barely miss Duvessa.
Duvessa is almost dead.
Duvessa hits you with an elven short sword of holy wrath!
You die...

...#.....[...........
..##+##'#.....>...........
#.........................
#....................e....
.#########.........e.<...
#...............
#.........######
#.#########.........
#.....%.?@ee#######.
#?...######.# .(... #.#
.... #.# ### #.# #.# #.#
#.. .


You could see Duvessa and Dowan.

Vanquished Creatures
  A phantom (D:4)
  2 ogres (D:4)
  4 worker ants
  An iguana (D:4)
  Ijyb (D:2)
  Jessica (D:2)
  7 gnolls (D:3)
  4 adders
  An inept feature mimic (D:3)
  A giant gecko (D:3)
  2 ball pythons (D:3)
  A bat skeleton (D:4)
  15 hobgoblins
  4 jackals
  8 kobolds
  A quokka (D:4)
  7 bats
  5 giant cockroaches
  7 giant newts
  9 goblins
  9 rats
91 creatures vanquished.

Notes
Turn   | Place    | Note
--------------------------------------------------------------
     0 | D:1      | Lilouch, the Mummy Fighter, began the quest for the Orb.
     0 | D:1      | Reached XP level 1. HP: 18/18 MP: 0/0
   430 | D:1      | Reached XP level 2. HP: 17/24 MP: 1/1
   684 | D:1      | Reached XP level 3. HP: 28/30 MP: 2/2
  1088 | D:2      | Noticed Jessica
  1103 | D:2      | Killed Jessica
  1218 | D:2      | Noticed Ijyb
  1238 | D:2      | Killed Ijyb
  1238 | D:2      | Reached XP level 4. HP: 22/36 MP: 3/3
  1347 | D:2      | Noticed Sigmund
  1617 | D:2      | Found a white marble altar of Elyvilon.
  2149 | D:3      | Reached XP level 5. HP: 29/41 MP: 4/4
  3035 | D:4      | Noticed an ogre
  3051 | D:4      | HP: 1/41 [ogre/giant spiked club (7)]
  3053 | D:4      | Killed an ogre
  3053 | D:4      | Reached skill level 4 in Polearms
  3053 | D:4      | Reached XP level 6. HP: 1/48 MP: 5/5
  3546 | D:5      | Entered Level 5 of the Dungeon
  3546 | D:5      | Noticed Duvessa
  3546 | D:5      | Noticed Dowan
  3862 | D:4      | Noticed an ogre
  3879 | D:4      | Killed an ogre
  3930 | D:4      | Noticed a phantom
  4029 | D:4      | Killed a phantom
  4029 | D:4      | Reached XP level 7. HP: 16/53 MP: 6/6
  4395 | D:5      | Slain by Duvessa

Action                   |  1- 3 |  4- 6 |  7- 9 || total
-------------------------+-------+-------+-------++-------
Melee: Trident           |   154 |    96 |       ||   250
       Spear             |       |   207 |    38 ||   245
Evoke: Wand              |       |     7 |       ||     7
